Map: Simulacrum LE

Players

InZaNe

  • Race: Terran Terran
  • Spawn Location: 5:00

Vindicta - Winner!

  • Race: Terran Terran
  • Spawn Location: 11:00

Event: IEM Katowice 2020

VOD

Have the link to the VOD?

Description

Time

  • Played on: Feb. 25, 2020, 9:59 a.m.
  • Length: 9:33

All games in this series

Show
View Real Time Build Order
Export as new Build Order

InZaNe Terran 

Build Orders: Mech 

Get SALT Encoding   

  12  0:00  SCV  
  13  0:12  SCV  
  14  0:17  Supply Depot  
  14  0:25  SCV  
  15  0:30  Refinery  
  15  0:39  SCV  
  16  0:45  Barracks  
  16  0:51  SCV  
  16  0:56  Refinery  
  17  1:03  SCV  
  18  1:15  SCV  
  19  1:32  Orbital Command  
  19  1:33  Reaper  
  19  1:35  Factory  
  20  1:45  Supply Depot  
  20  1:58  SCV  
  21  2:05  Reaper  
  22  2:10  SCV  
  23  2:19  Hellion  
  23  2:22  SCV  
  26  2:32  Command Center  
  26  2:34  SCV  
  27  2:39  Reaper  
  27  2:41  Hellion  
  30  2:50  SCV, Supply Depot  
  31  3:01  Starport  
  31  3:05  Factory Tech Lab  
  31  3:11  SCV  
  32  3:15  Barracks Tech Lab  
  32  3:23  SCV  
  32  3:30  Cyclone  
  34  3:35  SCV  
  35  3:44  Refinery, Orbital Command  
  35  3:47  SCV, Refinery  
  38  4:00  SCV  
  38  4:02  Cyclone  
  42  4:10  SCV  
  42  4:12  SCV  
  44  4:19  Supply Depot  
  44  4:21  Mag-Field Accelerator  
  44  4:22  SCV  
  44  4:24  SCV  
  46  4:29  Raven  
  46  4:34  SCV, Cyclone  
  46  4:36  SCV  
  51  4:38  Supply Depot  
  51  4:46  SCV  
  51  4:51  Command Center  
  52  4:53  SCV  
  52  4:59  SCV  
  54  5:05  SCV  
  54  5:06  Cyclone  
  58  5:12  SCV  
  59  5:17  SCV  
  59  5:20  Raven  
  62  5:24  SCV  
  62  5:26  Supply Depot  
  63  5:31  SCV  
  63  5:32  Factory  
  63  5:35  Factory  
  63  5:36  SCV  
  63  5:41  Cyclone  
  67  5:43  SCV  
  67  5:48  SCV, Supply Depot  
  69  5:55  SCV  
  70  6:03  Orbital Command  
  70  6:04  Factory  
  70  6:05  SCV, Factory  
  73  6:11  SCV  
  73  6:17  SCV  
  73  6:18  Factory Reactor  
  73  6:23  Starport Reactor  
  73  6:24  SCV  
  74  6:29  SCV  
  75  6:34  Orbital Command  
  75  6:36  SCV, Engineering Bay  
  75  6:37  Siege Tank x2  
  82  6:41  SCV  
  83  6:48  SCV, Refinery  
  83  6:49  Factory Reactor  
  83  6:50  Refinery  
  83  6:53  SCV  
  85  6:57  Hellion x2  
  85  7:00  SCV  
  78  7:09  Siege Tank x2  
  78  7:11  Viking  
  78  7:13  Viking  
  66  7:31  Hellion x3  
  66  7:32  Hellion x2  
  69  7:40  SCV x2  
  69  7:41  Viking  
  73  7:48  Hellion x2  
  71  7:52  SCV, Viking  
  71  7:53  SCV x2  
  74  8:01  Refinery  
  74  8:02  Refinery  
  74  8:03  Hellion x4  
  82  8:09  SCV x3, Siege Tank  
  73  8:17  Siege Tank  
  73  8:19  Viking  
  62  8:24  SCV  
  56  8:27  SCV x2, Hellion  
  56  8:33  Hellion  
  58  8:36  SCV  
  58  8:38  Hellion x2, Orbital Command  
  58  8:39  SCV  
  58  8:44  Viking  
  49  8:56  Hellion x3  
  49  9:02  SCV x2  
  53  9:04  SCV  
  54  9:14  SCV x2  
  54  9:16  SCV  
Show
View Real Time Build Order
Export as new Build Order

Vindicta Terran - Winner!

Build Orders: Gas First Reaper Expand 

Get SALT Encoding   

  12  0:00  SCV  
  13  0:12  SCV  
  14  0:17  Supply Depot  
  14  0:25  SCV  
  14  0:28  Refinery  
  15  0:38  SCV  
  16  0:45  Barracks  
  16  0:51  SCV  
  17  1:03  SCV  
  18  1:15  SCV  
  19  1:31  Orbital Command  
  19  1:32  Reaper  
  20  1:47  Command Center  
  20  1:59  Factory  
  20  2:03  SCV  
  20  2:05  Barracks Reactor  
  21  2:15  SCV, Supply Depot  
  22  2:22  Refinery  
  22  2:27  SCV  
  23  2:39  SCV  
  24  2:45  Starport  
  24  2:49  Hellion x2  
  28  2:51  SCV  
  29  3:00  Orbital Command  
  29  3:03  SCV  
  30  3:11  Hellion  
  32  3:16  Hellion  
  32  3:17  SCV  
  33  3:27  SCV  
  33  3:29  SCV  
  33  3:30  Viking  
  33  3:32  Barracks Tech Lab  
  37  3:39  SCV  
  38  3:44  SCV  
  38  3:46  Supply Depot  
  39  3:52  SCV  
  40  3:59  Siege Tank  
  40  4:00  SCV, Marine x2  
  46  4:03  Starport Tech Lab  
  46  4:07  SCV  
  46  4:08  Supply Depot  
  47  4:12  SCV  
  48  4:18  Marine x2  
  48  4:20  SCV  
  48  4:21  Raven  
  52  4:24  SCV  
  52  4:31  Siege Tank  
  56  4:32  SCV  
  56  4:36  SCV  
  58  4:39  Supply Depot  
  58  4:40  Command Center  
  58  4:44  SCV  
  59  4:48  SCV  
  59  4:49  Supply Depot  
  60  4:55  Barracks  
  60  4:56  SCV  
  61  5:00  SCV  
  61  5:02  Barracks  
  61  5:05  Siege Tank  
  65  5:08  SCV, Refinery  
  65  5:10  Refinery  
  65  5:12  SCV  
  67  5:14  Starport Reactor  
  67  5:18  Supply Depot  
  67  5:20  SCV  
  68  5:22  Stimpack  
  68  5:24  SCV  
  68  5:26  Marine  
  70  5:32  SCV  
  70  5:35  Engineering Bay x2  
  71  5:36  SCV  
  75  5:44  SCV  
  75  5:47  Barracks Tech Lab  
  75  5:48  Marine  
  75  5:49  SCV, Marine  
  76  5:50  Marine, Medivac x2  
  81  6:03  SCV x2  
  83  6:06  Marine  
  83  6:07  Marine, Barracks  
  83  6:08  Marine  
  83  6:09  Barracks, Terran Infantry Weapons Level 1  
  86  6:13  Terran Infantry Armor Level 1  
  86  6:18  Marine  
  87  6:20  SCV  
  87  6:21  SCV  
  87  6:26  Siege Tank  
  87  6:31  Marine, Marauder  
  93  6:36  Marauder  
  93  6:38  Supply Depot  
  91  6:48  SCV, Marine  
  91  6:52  Marauder  
  91  6:53  SCV  
  96  6:57  Marauder  
  96  6:58  Siege Tank  
  98  7:09  Marine  
  98  7:10  Marine  
  98  7:11  Combat Shield  
  98  7:13  Marauder  
  102  7:15  Barracks Reactor, Barracks Tech Lab  
  102  7:17  SCV x2  
  102  7:19  Marauder, Orbital Command  
  105  7:27  Marine  
  105  7:29  SCV  
  104  7:30  Siege Tank  
  104  7:31  SCV  
  104  7:34  Marine  
  109  7:38  Refinery x2  
  109  7:42  Concussive Shells  
  109  7:44  Marine, SCV  
  109  7:45  Marine, Marauder  
  109  7:46  SCV x2, Supply Depot  
  115  7:52  Marine  
  115  7:53  Marine x2  
  115  7:55  Medivac  
  115  7:56  SCV, Medivac  
  115  7:58  SCV x2  
  117  8:02  Marine  
  115  8:06  Marine x2  
  115  8:08  Armory  
  115  8:09  SCV  
  115  8:10  SCV  
  112  8:15  Marine  
  112  8:17  Siege Tank  
  112  8:18  Marine  
  114  8:21  SCV  
  114  8:23  Marine  
  114  8:24  Marauder  
  114  8:25  Medivac  
  114  8:26  SCV  
  118  8:27  Supply Depot  
  118  8:29  Supply Depot  
  115  8:36  Marine x3, Marauder  
  111  8:41  Factory  
  111  8:47  SCV x2  
  113  8:49  Siege Tank  
  113  8:51  Marine  
  113  8:53  Command Center  
  113  8:54  Marine  
  113  8:55  Marine  
  118  9:00  SCV x2  
  118  9:02  Marine  
  108  9:03  Marine, Marauder x2  
  108  9:09  Marine  
  113  9:11  Marine  
  113  9:13  Marine, SCV  
  116  9:21  Barracks  
  116  9:22  Barracks  

Tags
 
Add a new tag
Caveats
  • Supply blocks, unpowered buildings, or Contaminate may cause inaccurate times.
  • Supply counts are checked every 10 seconds.